 Dungeon Crawl Stone Soup version 0.25.0-9-g26727b657a (webtiles) character file.

Game seed: 13099366270807498661

62218 MordorOrchid the Spry (level 14, -10/70 HPs)
             Began as a Spriggan Ice Elementalist on June 18, 2020.
             Was an Initiate of Gozag.
             Shot with an arrow by Nessos (25 damage)
             ... while paralysed by Rupert
             ... on level 5 of the Lair of Beasts on June 19, 2020.
             The game lasted 02:54:03 (21455 turns).

MordorOrchid the Spry (Spriggan Ice Elementalist)  Turns: 21455, Time: 02:54:03

Health: -10/70     AC:  6    Str:  8    XL:     14   Next: 63%
Magic:  7/40       EV:  4    Int: 20    God:    Gozag
Gold:   3778       SH:  0    Dex: 21    Spells: 10/37 levels left

rFire    + . .     SeeInvis +   y - +6 rapier "Zuarill" {venom, rPois Str-2 Dex+3}
rCold    + . .     Gourm    .   W - +3 buckler {rN+}
rNeg     + . .     Faith    .   i - +1 animal skin {rC+}
rPois    +         Spirit   .   (helmet restricted)
rElec    .         Reflect  +   t - +2 cloak {rF+}
rCorr    .         Harm     .   (gloves unavailable)
MR       ++...                  (boots unavailable)
Stlth    +++++.....             r - amulet of reflection
HPRegen  0.21/turn              x - +6 ring of strength
MPRegen  0.27/turn              R - ring of magical power

@: paralysed, lethally poisoned (-10 -> -35), gold aura, very quick
A: very small, unfitting armour, see invisible, herbivore, speed 3, slow
metabolism 2
a: Potion Petition, Call Merchant, Bribe Branch, Renounce Religion


You were on level 5 of the Lair of Beasts.
You worshipped Gozag.
Gozag was most pleased with you.
You were not hungry.

You visited 3 branches of the dungeon, and saw 19 of its levels.
You also visited: Ice Cave and Volcano.

You collected 7356 gold pieces.
You spent 2831 gold pieces at shops.
You paid 747 gold pieces to Gozag.

Inventory:

Hand Weapons
 a - a +3 rapier of electrocution
 j - the +6 hand crossbow of Ycutesch {elec, rPois rF+}
   (You bought it in a shop on level 2 of the Orcish Mines)

   It charges the ammunition it shoots with electricity; occasionally upon a
   hit, such missiles may discharge and cause terrible harm.
   It protects you from fire.
   It protects you from poison.
 y - the +6 rapier "Zuarill" (weapon) {venom, rPois Str-2 Dex+3}
   (You bought it in a shop on level 5 of the Lair of Beasts)

   It poisons the flesh of those it strikes.
   It affects your strength (-2).
   It affects your dexterity (+3).
   It protects you from poison.
 H - the cursed +1 dagger of Xemoilup {antimagic, +Inv rElec}
   (You took it off an orc wizard on level 11 of the Dungeon)

   It reduces the magical energy of the wielder, and disrupts the spells and
   magical abilities of those hit.
   Natural abilities and divine invocations are not affected.
   It insulates you from electricity.
   It lets you turn invisible.
   It has a curse placed upon it.
 U - a +3 scimitar of flaming
Missiles
 d - 28 poisoned darts (quivered)
 o - 244 bolts
 v - 309 arrows
 C - 6 curare-tipped darts
 T - 2 throwing nets
Armour
 i - a +1 animal skin of cold resistance (worn)
 t - a +2 cloak of fire resistance (worn)
 N - a +2 robe of magic resistance
 W - a +3 buckler of positive energy (worn)
Jewellery
 b - a +4 ring of protection
 n - an uncursed ring of flight
 r - an amulet of reflection (around neck)
 s - an uncursed ring of protection from cold
 x - a +6 ring of strength (left hand)
 F - an uncursed ring of protection from fire
 R - a ring of magical power (right hand)
 Z - an uncursed ring of wizardry
Wands
 f - a wand of iceblast (3)
 q - a wand of polymorph (6)
 A - a wand of flame (14)
 M - a wand of enslavement (18)
Scrolls
 g - 13 scrolls of remove curse
 h - a scroll of fog
 p - 4 scrolls of fear
 u - a scroll of identify
 w - 10 scrolls of teleportation
 z - 3 scrolls of blinking
 D - a scroll of immolation
 E - 2 scrolls of vulnerability
 L - 2 scrolls of torment
 O - a scroll of amnesia
 P - 2 scrolls of magic mapping
 S - a scroll of silence
Potions
 e - a potion of invisibility
 k - 3 potions of flight
 l - 4 potions of heal wounds
 m - 15 potions of curing
 G - 3 potions of lignification
 I - 3 potions of berserk rage
 J - 4 potions of might
 K - 4 potions of brilliance
 Q - 5 potions of stabbing
Miscellaneous
 B - a phantom mirror
 X - a tin of tremorstones (3/3)
Comestibles
 c - 36 rations


   Skills:
 - Level 6.0 Fighting
 - Level 8.0 Short Blades
 - Level 2.0 Throwing
 - Level 15.0 Dodging
 * Level 12.2 Stealth
 * Level 7.8 Shields
 - Level 12.0 Spellcasting
 * Level 4.7 Conjurations
 - Level 6.0 Hexes
 - Level 2.0 Charms
 - Level 4.0 Summonings
 - Level 2.0 Translocations
 - Level 8.0 Ice Magic
 - Level 4.0 Air Magic
 - Level 6.0 Evocations


You had 10 spell levels left.
You knew the following spells:

 Your Spells              Type           Power        Failure   Level  Hunger
a - Freeze                Ice            ####         1%          1    None
b - Frozen Ramparts       Ice            #####.       1%          3    None
d - Tukima's Dance        Hex            #####...     1%          3    None
g - Mephitic Cloud        Conj/Pois/Air  ###.....     4%          3    None
r - Hailstorm             Conj/Ice       #####...     4%          4    #......
s - Summon Ice Beast      Ice/Summ       #####...     4%          4    #......
t - Sticks to Snakes      Tmut           ##......     9%          2    None
y - Ozocubu's Armour      Chrm/Ice       ####....     2%          3    None
z - Apportation           Tloc           ###...       2%          1    None
A - Confusing Touch       Hex            #####...     1%          3    None

Your spell library contained the following spells:

 Spells                   Type           Power        Failure   Level  Hunger
 Summon Butterflies       Summ           ####....     1%          1    None
 Foxfire                  Conj/Fire      ###.         2%          1    None
 Poisonous Vapours        Pois/Air       ###...       3%          2    None
 Inner Flame              Hex/Fire       ###.....     4%          3    None
 Beastly Appendage        Tmut           ##....       5%          1    None
 Sting                    Tmut/Pois      ##..         5%          1    None
 Conjure Flame            Conj/Fire      ###.....     6%          3    None
 Gell's Gravitas          Tloc           ###.......   8%          3    None
 Lesser Beckoning         Tloc           ###.......   8%          3    None
 Metabolic Englaciation   Hex/Ice        #####.....   9%          5    ####...
 Ice Form                 Ice/Tmut       ####....     11%         4    #......
 Ignite Poison            Fire/Tmut/Pois ##......     17%         3    None
 Spider Form              Tmut/Pois      ##........   17%         3    None
 Sticky Flame             Conj/Fire      ###.....     22%         4    #......
 Yara's Violent Unravell  Hex/Tmut       ###.......   41%         5    ####...
 Olgreb's Toxic Radiance  Pois           ##......     50%         4    #......
 Petrify                  Tmut/Erth      ##......     50%         4    #......
 Fireball                 Conj/Fire      ###.......   52%         5    ####...
 Invisibility             Hex            #####...     58%         6    ######.
 Alistair's Intoxication  Tmut/Pois      ##......     83%         5    ####...
 Blade Hands              Tmut           ##........   83%         5    ####...


Dungeon Overview and Level Annotations

Branches:
Dungeon (12/15)            Temple (0/1) D:6            Lair (5/6) D:11
  Swamp (0/4) Lair:3       Spider (0/4) Lair:4          Orc (2/2) D:11
    Elf (0/3) Orc:2         IceCv (visited)         Volcano (visited)
  Slime: Lair:5-6

Altars:
Dithmenos
Elyvilon
Fedhas
Gozag
Nemelex Xobeh
Okawaru
Qazlal
Ru
Sif Muna
Uskayaw
Wu Jian
Zin
Beogh

Shops:
D:7 ![(:   Orc:2 *?(:   Lair:5 (

Portals:
Trove: D:10 (show abyssal rune of Zot)

Annotations:
D:4 Menkaure
D:6 exclusion: ice beast
Lair:5 Nessos


Innate Abilities, Weirdness & Mutations

You are very small and have problems with some larger weapons.
You are too small for most types of armour.
You have supernaturally acute eyesight. (SInv)
You are a herbivore.
You cover ground extremely quickly.
You need to consume almost no food.


Message History

You suddenly lose the ability to move!
Nessos shoots an arrow.
The arrow hits you!! The arrow burns you.
Nessos shoots an arrow.
The arrow hits you!!
* * * LOW HITPOINT WARNING * * *
The arrow burns you.
You are lethally poisoned!
* * * LOW HITPOINT WARNING * * *
Your ice beast hits Rupert.
Your ice beast freezes Rupert.
Rupert resists.
Your +4 great mace of protection hits Rupert!!
Rupert hits your +4 great mace of protection but does no damage.
* * * LOW HITPOINT WARNING * * *
You feel very sick.
Your ice beast hits Rupert.
Your ice beast freezes Rupert.
Rupert resists.
Rupert dies!
Training target 4.0 for Air Magic reached!
Your Air Magic skill increases to level 4!
Nessos shoots an arrow.
The arrow barely misses your ice beast. The arrow hits you!!
You die...
Your body crumbles into a pile of gold.

### #.### .## ##.###...##..### ##
######..............##.#
###..#....P..........P...)
##.....#...................
#....................(.^...
#.............#............
###.............(.........>..
#........)......@(Yc..$Y.....
#.............#........(.....
..............#..........ยง.......
...P......#...#..P.#.>....(......
.............#######...###.......
............P# ##P## .......
...........P## ### ........
....#......## #.......
.........### ..P.....


You could see Nessos (fast, very poisoned), 2 friendly ice beasts and a friendly
+4 great mace of protection.

Vanquished Creatures
  A frost giant (IceCv)
  Josephine (D:12)
  Harold (D:7)
  4 hydras
  An anaconda (Volcano)
  An ogre mage (Orc:2)
  9 two-headed ogres
  4 death yaks
  2 orc high priests (Orc:2)
  Nergalle (D:12)
  2 deep trolls (Orc:2)
  2 orc sorcerers (Orc:2)
  A manticore (D:11)
  A deep elf mage (D:10)
  4 cyclopes
  3 black mambas
  11 spiny frogs
  A torpor snail (Lair:2)
  An ice statue (IceCv)
  3 rime drakes
  2 yaktaurs (Volcano)
  4 komodo dragons
  A freezing wraith (D:10)
  11 trolls
  9 polar bears
  A hornet (D:10)
  6 hippogriffs
  5 blink frogs (Lair:3)
  2 shadows (D:10)
  3 wyverns
  33 yaks
  A basilisk (D:12)
  5 wraiths (D:12)
  4 hogs (D:7)
  A hungry ghost (D:11)
  Grum (D:8)
  A human (D:7)
  2 acid dragons
  8 wargs
  5 water moccasins
  12 porcupines
  14 orc warriors
  2 ice beasts
  3 sky beasts
  2 black bears (D:12)
  4 phantoms
  An eye of draining (D:11)
  22 ogres
  22 wolves
  6 centaurs
  9 crocodiles
  A nameless horror (Lair:2)
  A big kobold (D:10)
  12 bullfrogs
  3 scorpions
  37 killer bees
  3 wights (D:11)
  3 howler monkeys
  6 crimson imps
  A bullfrog zombie (D:12)
  4 hounds
  18 orc priests
  2 bullfrog skeletons
  3 jellies
  Crazy Yiuf (D:3)
  Jessica (D:2)
  23 orc wizards
  5 iguanas
  3 worker ants
  A killer bee zombie (D:7)
  2 worker ant zombies
  3 gnolls (D:9)
  A howler monkey skeleton (D:6)
  8 adders
  A shadow imp (D:7)
  3 oozes
  An adder zombie (D:9)
  An adder skeleton (D:7)
  A worm (D:2)
  A dart slug (D:3)
  2 leopard geckos
  42 orcs
  4 bats
  7 giant cockroaches
  5 goblins
  6 hobgoblins
  8 jackals
  8 quokkas
  A ball python (D:7)
  6 frilled lizards
  4 kobolds
  A leopard gecko zombie (D:5)
  A quokka zombie (D:8)
  4 rats
505 creatures vanquished.

Vanquished Creatures (collateral kills)
  Rupert (Lair:5)
  An orc warlord (Orc:2)
  A red draconian (Volcano)
  An ettin (Orc:2)
  A centaur warrior (D:11)
  Erica (D:10)
  An ogre mage (Orc:2)
  2 ugly things
  A centaur zombie (D:10)
  A yaktaur (Volcano)
  2 rime drakes (Lair:2)
  A komodo dragon (Lair:5)
  A troll (D:9)
  A yak (Lair:5)
  A wraith (D:10)
  A basilisk (Lair:5)
  2 wargs
  2 water moccasins
  An orc warrior (Orc:2)
  2 ogres (Orc:2)
  A sky beast (D:11)
  6 wolves
  A centaur (Volcano)
  2 killer bees (D:9)
  A bullfrog zombie (D:10)
  An orc priest (Orc:2)
  An orc (D:12)
  A fungus (Lair:2)
39 creatures vanquished.

Vanquished Creatures (others)
  A queen bee (Lair:3)
  An ogre (Orc:2)
  A wolf (IceCv)
  3 fungi
6 creatures vanquished.

Grand Total: 550 creatures vanquished

Notes
Turn   | Place    | Note
-------+----------+-------------------------------------------
     0 | D:1      | MordorOrchid the Spriggan Ice Elementalist began the quest
                  | for the Orb.
     0 | D:1      | Reached XP level 1. HP: 9/9 MP: 5/5
   343 | D:1      | Reached XP level 2. HP: 13/13 MP: 4/6
  1079 | D:2      | Noticed Jessica
  1175 | D:2      | Reached XP level 3. HP: 17/17 MP: 6/8
  1180 | D:2      | Learned a level 3 spell: Frozen Ramparts
  1184 | D:2      | Learned a level 3 spell: Ozocubu's Armour
  1243 | D:2      | Found a stormy altar of Qazlal.
  1589 | D:2      | Killed Jessica
  1589 | D:2      | Reached skill level 1 in Fighting
  1652 | D:3      | Reached XP level 4. HP: 18/22 MP: 3/10
  2249 | D:3      | Found a runed translucent door.
  2250 | D:3      | Noticed Crazy Yiuf
  2285 | D:3      | Killed Crazy Yiuf
  2285 | D:3      | Reached XP level 5. HP: 25/25 MP: 6/12
  2513 | D:3      | Reached skill level 1 in Charms
  2566 | D:3      | Found an opulent altar of Gozag.
  2597 | D:3      | Found a sacrificial altar of Ru.
  2613 | D:3      | Became a worshipper of Gozag Ym Sagoz the Greedy
  3135 | D:4      | Learned a level 4 spell: Summon Ice Beast
  3259 | D:4      | Noticed an ogre
  3284 | D:4      | Killed an ogre
  3284 | D:4      | Reached XP level 6. HP: 30/30 MP: 9/14
  3290 | D:4      | Learned a level 3 spell: Confusing Touch
  3497 | D:4      | Noticed Menkaure
  3758 | D:5      | Entered Level 5 of the Dungeon
  3822 | D:5      | Found a sparkling altar of Nemelex Xobeh.
  3850 | D:5      | Found a sparkling altar of Nemelex Xobeh.
  3861 | D:5      | Reached skill level 4 in Dodging
  3861 | D:5      | Reached skill level 5 in Spellcasting
  4158 | D:5      | Found an opulent altar of Gozag.
  4670 | D:6      | Reached skill level 5 in Stealth
  4787 | D:6      | Noticed an ice beast
  4869 | D:6      | Reached skill level 1 in Hexes
  4869 | D:6      | Reached XP level 7. HP: 8/34 MP: 11/16
  5088 | D:6      | Reached skill level 1 in Summonings
  5488 | D:6      | Found a staircase to the Ecumenical Temple.
  5722 | D:6      | Found an ornate altar of the Wu Jian Council.
  5961 | D:7      | Found Zali Uphuexa's Distillery.
  5970 | D:7      | Bought a potion of heal wounds for 75 gold pieces
  5970 | D:7      | Bought a potion of heal wounds for 75 gold pieces
  5970 | D:7      | Bought a potion of berserk rage for 75 gold pieces
  5970 | D:7      | Bought a potion of might for 60 gold pieces
  5970 | D:7      | Bought a potion of curing for 45 gold pieces
  5970 | D:7      | Bought 2 potions of curing for 90 gold pieces
  5970 | D:7      | Bought a potion of might for 60 gold pieces
  5970 | D:7      | Bought 2 potions of degeneration for 30 gold pieces
  6050 | D:7      | Reached skill level 1 in Short Blades
  6133 | D:7      | Found a shadowy altar of Dithmenos.
  6166 | D:7      | Found a blossoming altar of Fedhas.
  6245 | D:7      | Reached skill level 5 in Ice Magic
  6259 | D:7      | Found Mafechiwn's Antique Armour Emporium.
  6283 | D:7      | Reached XP level 8. HP: 39/39 MP: 14/18
  6310 | D:7      | Found Pawecs's Antique Weapon Shoppe.
  6349 | D:7      | Found Qust's Book Shop.
  6741 | D:7      | Noticed Harold
  6771 | D:7      | Reached skill level 5 in Dodging
  6924 | D:7      | Reached XP level 9. HP: 35/43 MP: 2/21
  6961 | D:7      | Killed Harold
  6961 | D:7      | Reached skill level 6 in Dodging
  7807 | D:7      | Learned a level 4 spell: Hailstorm
  7840 | D:8      | Found an iron altar of Okawaru.
  7940 | D:8      | Found a glowing silver altar of Zin.
  8067 | D:8      | Noticed Grum
  8098 | D:8      | Killed Grum
  8098 | D:8      | Reached skill level 1 in Evocations
  8522 | D:8      | Found a hide-covered altar of Uskayaw.
  8682 | D:8      | Reached skill level 1 in Conjurations
  8874 | D:9      | Reached XP level 10. HP: 49/49 MP: 24/24
  8907 | D:9      | Noticed a two-headed ogre
  9092 | D:9      | Killed a two-headed ogre
  9092 | D:9      | Reached skill level 7 in Dodging
  9614 | D:9      | Found a white marble altar of Elyvilon.
  9650 | D:9      | Noticed a two-headed ogre
  9682 | D:9      | Killed a two-headed ogre
 10065 | D:9      | Reached skill level 10 in Spellcasting
 10140 | D:9      | Found a shimmering blue altar of Sif Muna.
 10183 | D:10     | Entered Level 10 of the Dungeon
 10281 | D:10     | Noticed Erica
 10310 | D:10     | Killed Erica
 10424 | D:7      | Bought a runed buckler for 202 gold pieces
 10446 | D:7      | Bought a glowing rapier for 238 gold pieces
 10616 | D:10     | Found a portal to a secret trove of treasure.
 10694 | D:10     | Learned a level 1 spell: Apportation
 10742 | D:10     | Reached skill level 8 in Dodging
 10827 | D:10     | Reached skill level 1 in Translocations
 10912 | D:10     | Reached XP level 11. HP: 51/53 MP: 17/26
 10932 | D:10     | Noticed a five-headed hydra
 10933 | D:10     | Noticed a deep elf mage
 10933 | D:10     | Identified the +6 short sword "Cucul" {distort, *Contam
                  | Int+6 Dex+7}
 10941 | D:10     | Reached skill level 1 in Shields
 10947 | D:10     | Killed a five-headed hydra
 10960 | D:10     | Reached skill level 5 in Evocations
 10967 | D:10     | Killed a deep elf mage
 10967 | D:10     | Reached skill level 9 in Dodging
 10988 | D:10     | Found the +8 longbow "Zephyr" {speed, Dex+3 SInv}
 11003 | D:10     | Got scorched acid dragon scales
 11004 | D:10     | Identified the cursed +1 acid dragon scales "Feocuotu"
                  | {rCorr Str+8} (You found it on level 10 of the Dungeon)
 11151 | D:11     | Found a staircase to the Orcish Mines.
 11163 | D:11     | Found the +27 Lear's hauberk
 11240 | D:10     | Learned a level 3 spell: Tukima's Dance
 11467 | D:11     | Reached skill level 10 in Dodging
 11520 | D:11     | Found a staircase to the Lair.
 11665 | D:11     | Noticed a centaur warrior
 11679 | D:11     | Killed a centaur warrior
 11897 | D:11     | Reached skill level 11 in Dodging
 12215 | D:11     | Noticed a white ugly thing
 12245 | D:11     | Killed a white ugly thing
 12303 | D:11     | Identified the cursed +1 dagger of Xemoilup {antimagic,
                  | +Inv rElec}
 12453 | D:11     | Reached skill level 12 in Dodging
 12911 | D:12     | Noticed Nergalle
 12926 | D:12     | Killed Nergalle
 13027 | D:12     | Reached XP level 12. HP: 58/58 MP: 27/27
 13262 | D:12     | Reached skill level 1 in Throwing
 13550 | D:12     | Noticed Josephine
 13565 | D:12     | Killed Josephine
 13862 | Orc:1    | Entered Level 1 of the Orcish Mines
 14018 | Orc:2    | Entered Level 2 of the Orcish Mines
 14018 | Orc:2    | Found a staircase to the Elven Halls.
 14088 | Orc:2    | Noticed an orc high priest
 14106 | Orc:2    | Killed an orc high priest
 14203 | Orc:2    | Found a dark tunnel.
 14212 | Volcano  | Entered a volcano
 14228 | Volcano  | Noticed a centaur warrior
 14229 | Volcano  | Noticed an anaconda
 14229 | Volcano  | a centaur warrior changed into an anaconda
 14232 | Volcano  | Found a radiant altar of Vehumet.
 14240 | Volcano  | Noticed a red draconian
 14310 | Volcano  | Killed an anaconda
 14310 | Volcano  | Reached skill level 5 in Short Blades
 14374 | Volcano  | Killed a red draconian
 14588 | Volcano  | Reached skill level 5 in Hexes
 14736 | Orc:2    | Found Doas Hyu's Antique Weapon Emporium.
 15099 | Orc:2    | Noticed an ettin
 15124 | Orc:2    | Noticed an ogre mage
 15125 | Orc:2    | Noticed a two-headed ogre
 15131 | Orc:2    | Killed an ettin
 15142 | Orc:2    | Killed a two-headed ogre
 15162 | Orc:2    | Noticed an orc high priest
 15167 | Orc:2    | Killed an ogre mage
 15277 | Orc:2    | Noticed a two-headed ogre
 15306 | Orc:2    | Killed a two-headed ogre
 15306 | Orc:2    | Reached skill level 5 in Fighting
 15306 | Orc:2    | Reached XP level 13. HP: 63/63 MP: 26/30
 15422 | Orc:2    | Reached skill level 10 in Stealth
 15458 | Orc:2    | Reached skill level 5 in Shields
 15459 | Orc:2    | Found Dahotamn's General Store.
 15482 | Orc:2    | Reached skill level 13 in Dodging
 15594 | Orc:2    | Found Kauhiari's Book Boutique.
 15596 | Orc:2    | Bought a scroll of identify for 26 gold pieces
 15605 | Orc:2    | Found Fonuel's Magic Scroll Emporium.
 15617 | Orc:2    | Bought a scroll of blinking for 82 gold pieces
 15617 | Orc:2    | Bought a scroll of teleportation for 33 gold pieces
 15617 | Orc:2    | Bought a scroll of identify for 22 gold pieces
 15617 | Orc:2    | Bought a scroll of identify for 22 gold pieces
 15617 | Orc:2    | Bought a scroll of teleportation for 33 gold pieces
 15884 | Orc:2    | Found a roughly hewn altar of Beogh.
 16289 | Orc:2    | Bought a transparent hand crossbow for 272 gold pieces
 16289 | Orc:2    | Identified the +6 hand crossbow of Ycutesch {elec, rPois
                  | rF+} (You bought it in a shop on level 2 of the Orcish
                  | Mines)
 16296 | Orc:2    | Bought a wand of iceblast (4) for 104 gold pieces
 16386 | Orc:1    | Noticed an orc warlord
 16560 | Orc:2    | Killed an orc warlord
 16658 | Orc:2    | Reached skill level 14 in Dodging
 16803 | Orc:2    | Bought a potion of might for 52 gold pieces
 16803 | Orc:2    | Bought a scroll of amnesia for 45 gold pieces
 16813 | Orc:2    | Bought a scroll of magic mapping for 38 gold pieces
 16814 | Orc:2    | Bought a scroll of amnesia for 38 gold pieces
 16814 | Orc:2    | Bought a scroll of amnesia for 38 gold pieces
 16814 | Orc:2    | Bought a scroll of vulnerability for 82 gold pieces
 16819 | Orc:2    | Bought a Young Poisoner's Handbook for 440 gold pieces
 16823 | Orc:2    | Learned a level 3 spell: Mephitic Cloud
 16901 | Lair:1   | Entered Level 1 of the Lair of Beasts
 17476 | Lair:2   | Reached skill level 1 in Air Magic
 17535 | Lair:2   | Found a frozen archway.
 17748 | IceCv    | Entered an ice cave
 18281 | IceCv    | Reached XP level 14. HP: 68/68 MP: 21/31
 18537 | IceCv    | Noticed a frost giant
 18569 | IceCv    | Killed a frost giant
 19371 | Orc:2    | Bought a book of Changes for 275 gold pieces
 19374 | Orc:2    | Learned a level 2 spell: Sticks to Snakes
 19600 | Lair:3   | Reached skill level 15 in Dodging
 19797 | Lair:3   | Found a staircase to the Swamp.
 20485 | Lair:4   | Found a hole to the Spider Nest.
 21106 | Lair:5   | Bought a crystal rapier for 279 gold pieces
 21106 | Lair:5   | Identified the +6 rapier "Zuarill" {venom, rPois Str-2
                  | Dex+3} (You bought it in a shop on level 5 of the Lair of
                  | Beasts)
 21330 | Lair:5   | Noticed Rupert
 21441 | Lair:5   | Noticed Nessos
 21453 | Lair:5   | Paralysed by Rupert for 6 turns
 21455 | Lair:5   | Killed Rupert
 21455 | Lair:5   | Shot with an arrow by Nessos

Illustrated notes

Levels and vault maps discovered:
D:1:      saegor_arrival_simple_e, layout_loops_ring
D:2:      layout_loops_cross, minmay_misc_feat_nine_boxes,
          hangedman_decor_opposing, grunt_qazlal_sundering, uniq_jessica
D:3:      layout_loops_corners, nicolae_ru_awakened_eye, serial_bayou_pond_a,
          nicolae_gozag_seed_capital, uniq_crazy_yiuf_cottage
D:4:      layout_rooms, first_ration, serial_corexii_hall,
          corexii_hall_statues_s, corexii_hall_statues_i, uniq_menkaure
D:5:      layout_cave_pods, nemelex_xobeh_ov_fountains_minmay,
          serial_column_ruins, column_ruins_temple_circle, column_ruins_hut,
          column_ruins_open_large, column_ruins_columns_straight,
          column_ruins_grid_3, column_ruins_grid_2,
          column_ruins_open_medium_water, column_ruins_open_small,
          column_ruins_grid_2, basic_altar
D:6:      layout_basic, nicolae_overflow_crystal_walls,
          minmay_temple_entry_trees
D:7:      layout_loops_ring, fedhas_altar_4, serial_shops,
          nicolae_shop_statue_plus, nicolae_shop_behind_doors, shop, shop,
          grunt_livestock, columned_hall_lemuel, nicolae_dithmenos_the_darkroom,
          uniq_harold
D:8:      layout_rooms, okawaru_gym_becter, marbit_many_paths,
          old_standard_altar, serial_co_window_serial,
          co_window_of_opportunity_a, co_window_paths_a, co_window_paths_a,
          co_window_of_opportunity_a, co_window_of_opportunity_a,
          co_window_of_opportunity_a, co_window_paths_a, co_window_paths_a,
          co_window_paths_b, co_window_paths_c, co_window_unsneaky_path_c,
          co_window_of_opportunity_c, glass_columns_a, uniq_grum
D:9:      layout_layer_cave, lemuel_coloured_pillars_altar,
          kennysheep_little_box, corner_web_ring
D:10:     minmay_the_grid_triangle_9x9_rhombus_thin_mashed
          [minmay_the_grid_triangle_9x9_corrupted_corridor,
          minmay_the_grid_triangle_9x9_prize_center,
          minmay_the_grid_triangle_9x9_semitri,
          minmay_the_grid_triangle_9x9_pentomino_pain], layout_cave_pools,
          nicolae_trove_entry_diagonal, uniq_erica
D:11:     kennysheep_spiral_hall, layout_loops_ring, erik_lair_orcish_takeover,
          orc_0_dummy
D:12:     layout_basic, chequers_serial_rivers_room_a, uniq_josephine,
          uniq_nergalle
Lair:1:   layout_small_grid, infiniplex_staircase_pool, grunt_megastairs_2
Lair:2:   layout_roguey, portal_ice_cave_rime
Lair:3:   layout_concentric_octagons, swamp_mist_pool, special_room
          [special_room_bee], grunt_megastairs_1, lemuel_fruit_tree
Lair:4:   layout_regular_city, spider_nest_entry_web_field
Lair:5:   layout_cave_shapes, uniq_nessos, uniq_rupert
Orc:1:    layout_caves
Orc:2:    st_orc_open, layout_caves, enter_volcano_2, basic_altar,
          guppyfry_orc_lava_fort

Skill      XL: |  1  2  3  4  5  6  7  8  9 10 11 12 13 14 |
---------------+-------------------------------------------+-----
Spellcasting   | 3 4 5 6 7 9 10 12 | 12.0
Fighting       | 1 2 3 4 5 6 |  6.0
Stealth        | 4 5 6 8 9 11 12 | 12.2
Charms         | 1 2 |  2.0
Ice Magic      | 4 5 6 7 8 |  8.0
Dodging        | 4 5 6 8 12 14 15 | 15.0
Hexes          | 1 2 3 4 5 6 |  6.0
Summonings     | 1 2 3 4 |  4.0
Short Blades   | 1 2 4 5 8 |  8.0
Evocations     | 2 4 5 6 |  6.0
Conjurations   | 1 2 3 4 |  4.7
Translocations | 1 2 |  2.0
Shields        | 4 6 7 |  7.8
Throwing       | 2 |  2.0
Air Magic      | 2 4 |  4.0

Action                   |  1- 3 |  4- 6 |  7- 9 | 10-12 | 13-15 || total
-------------------------+-------+-------+-------+-------+-------++-------
Melee: Dagger            |    17 |    40 |       |       |       ||    57
       Short sword       |       |       |   105 |    17 |       ||   122
       Rapier            |       |       |       |   287 |   433 ||   720
 Fire: Hunting sling     |       |     5 |       |    13 |       ||    18
       Hand crossbow     |       |       |       |       |    40 ||    40
Throw: Stone             |    21 |     2 |       |       |       ||    23
       Dart              |       |    51 |    70 |   174 |    64 ||   359
 Cast: Freeze            |    23 |    17 |    29 |    22 |       ||    91
       Frozen Ramparts   |     3 |    20 |    31 |    84 |    70 ||   208
       Ozocubu's Armour  |       |     2 |     7 |    10 |     1 ||    20
       Confusing Touch   |       |     1 |       |    30 |    41 ||    72
       Summon Ice Beast  |       |       |     6 |    44 |    33 ||    83
       Apportation       |       |       |       |    60 |   196 ||   256
       Hailstorm         |       |       |       |    19 |    14 ||    33
       Tukima's Dance    |       |       |       |     2 |     4 ||     6
       Mephitic Cloud    |       |       |       |       |    42 ||    42
       Sticks to Snakes  |       |       |       |       |    13 ||    13
Invok: Call Merchant     |       |       |       |       |     1 ||     1
 Abil: Stop Flying       |       |       |       |     1 |       ||     1
       Evoke Flight      |       |       |       |     1 |       ||     1
Evoke: Wand              |       |       |     9 |     8 |    11 ||    28
       Phantom mirror    |       |       |       |       |     1 ||     1
  Use: Scroll            |     7 |     7 |     2 |    12 |     9 ||    37
       Potion            |       |       |     2 |     3 |     5 ||    10
 Stab: Sleeping          |     8 |     4 |    12 |    20 |    22 ||    66
       Confused          |       |     2 |       |    13 |    54 ||    69
       Invisible         |       |       |     1 |       |     2 ||     3
       Distracted        |       |       |       |     4 |     3 ||     7
  Eat: Ration            |       |     1 |     3 |     6 |     4 ||    14
Armor: Robe              |     2 |     9 |    17 |    10 |     4 ||    42
       Animal skin       |       |       |       |       |     4 ||     4
Dodge: Dodged            |    19 |    23 |    77 |   147 |   134 ||   400
Block: Other             |       |     7 |    20 |     1 |       ||    28
       Buckler           |       |       |       |   172 |   195 ||   367
       Reflection        |       |       |       |     5 |     1 ||     6
